cohdb
Replays
Latest Replays
All Replays
Popular Replays
Top Player Replays
Match Explorer
How It Works
Community
CoH3 Stats
Reddit
Sign in to upload your games and track your stats! →
Sign in with Steam
Extremely easy to roll over DAK rn
Match 10238626
Overview
Messages
Build Orders
End
Construct Barracks
Selects Armored Battlegroup
Selects Veteran Crews
Selects Fast Deploy
1⁄4-ton 4x4 Truck
Riflemen Squad
Riflemen Squad
Riflemen Squad
Infantry Support Center
Construct Motor Pool
Selects M31 Recovery Vehicle
M8 Greyhound Armored Car
Construct Medical Station
M1918 Browing Automatic Rifles
Selects War Machine
M24 Chaffee Light Tank
Munitions Surplus
M24 Chaffee Light Tank
Riflemen Squad
M24 Chaffee Light Tank
Engineer Squad
Selects Seek and Destroy
M24 Chaffee Light Tank
M24 Chaffee Light Tank
oki
TheChosen
0
0
Comments
sign in to comment!
No comments posted yet!